[ AOE2 MATCH · #471429511 ]
UnrankedJurchens vs Tupi
[ REPLAY ANALYSIS · EXTRACTED FROM THE RECORDED GAME ]
Feudal
8:26
Castle
—
Imperial
—
| APM avg | 89.7 |
| APM peak | 136 |
| eAPM avg | 30.2 |
| Villagers / military | 46 / 22 |
Focus
⚔️ 29.4% · 🌾 70.6%
Scout Cavalry ×20 · Militia ×1 · Spearman ×1
Feudal
8:51
Castle
21:29
Imperial
—
| APM avg | 46.2 |
| APM peak | 69 |
| eAPM avg | 24.0 |
| Villagers / military | 46 / 28 |
Focus
⚔️ 62.7% · 🌾 37.3%
Scout Cavalry ×28
Feudal
11:21
Castle
15:16
Imperial
—
| APM avg | 49.9 |
| APM peak | 103 |
| eAPM avg | 28.0 |
| Villagers / military | 88 / 0 |
Focus
⚔️ 32.8% · 🌾 67.2%
Unknown (2579) ×25 · Unknown (2550) ×1
Feudal
9:20
Castle
—
Imperial
—
| APM avg | 45.8 |
| APM peak | 88 |
| eAPM avg | 22.1 |
| Villagers / military | 42 / 34 |
Focus
⚔️ 37.3% · 🌾 62.7%
Archer ×33 · Spearman ×1
Feudal
8:59
Castle
—
Imperial
—
| APM avg | 50.0 |
| APM peak | 125 |
| eAPM avg | 19.8 |
| Villagers / military | 50 / 26 |
Focus
⚔️ 56.1% · 🌾 43.9%
Scout Cavalry ×26
Feudal
11:13
Castle
—
Imperial
—
| APM avg | 44.0 |
| APM peak | 72 |
| eAPM avg | 15.6 |
| Villagers / military | 39 / 11 |
Focus
⚔️ 36.6% · 🌾 63.4%
Scout Cavalry ×11
Feudal
8:32
Castle
19:05
Imperial
—
| APM avg | 60.1 |
| APM peak | 87 |
| eAPM avg | 23.8 |
| Villagers / military | 46 / 40 |
Focus
⚔️ 45.4% · 🌾 54.6%
Archer ×33 · Spearman ×7
Feudal
8:39
Castle
20:22
Imperial
—
| APM avg | 54.9 |
| APM peak | 78 |
| eAPM avg | 23.8 |
| Villagers / military | 43 / 0 |
Focus
⚔️ 54.3% · 🌾 45.7%
Unknown (2550) ×42
Match map
Initial resources + every placement click. Lines = walls · curves = elevation contours. ◆ gold · ⬟ stone · ● berries · ✦ relic · ◌ wall gap
Your base· ✓ Closed at 12:00 · 3t walls · 4 gate(s)
[KOF] Raychu's base· ✓ Closed at 21:29 · 3t walls · 4 gate(s)
RVN_Zoschenko's base· ✓ Closed at 15:16 · 6t walls · 4 gate(s)
hK | Anubis's base· ✓ Closed at 12:00 · 13t walls · 4 gate(s)
CTM | Christine's base· ✓ Closed at 19:14 · 46t walls · 4 gate(s)
Muz's base· ✓ Closed at 12:00 · 16t walls · 4 gate(s)
Nosoylorecs's base· ✓ Closed at 19:05 · 7t walls · 5 gate(s)
Rodrixs's base· ✓ Closed at 20:22 · 13t walls · 4 gate(s)
Smoothed initial terrain · ◌ = detected wall gap · hover for details
Inputs per minute
— 虎蹲压制大脑喷气代替思考敌人不倒我倒 - - [KOF] Raychu
Build order — 虎蹲压制大脑喷气代替思考敌人不倒我倒
138 actions detected in the replay
| 0:01 | Queue | Villager (Male) |
| 0:02 | Queue | Villager (Male) |
| 0:02 | Queue | Villager (Male) |
| 0:02 | Queue | Villager (Male) |
| 0:03 | Build | House |
| 0:04 | Build | House |
| 0:11 | Build | Mill |
| 0:13 | Build | House |
| 1:29 | Queue | Villager (Male) |
| 1:49 | Queue | Villager (Male) |
| 1:49 | Queue | Villager (Male) |
| 2:10 | Build | Lumber Camp |
| 2:15 | Queue | Villager (Male) |
| 2:54 | Queue | Villager (Male) |
| 2:54 | Queue | Villager (Male) |
| 3:15 | Queue | Villager (Male) |
| 3:15 | Queue | Villager (Male) |
| 3:24 | Queue | Villager (Male) |
| 3:54 | Queue | Villager (Male) |
| 3:54 | Queue | Villager (Male) |
| 4:01 | Build | House |
| 4:04 | Queue | Villager (Male) |
| 4:04 | Queue | Villager (Male) |
| 4:22 | Queue | Villager (Male) |
| 4:22 | Queue | Villager (Male) |
| 4:49 | Queue | Villager (Male) |
| 4:55 | Research | Loom |
| 5:16 | Queue | Villager (Male) |
| 5:16 | Research | Loom |
| 5:25 | Build | Mill |
| 6:15 | Research | Feudal Age |
| 6:16 | Research | Feudal Age |
| 6:16 | Research | Feudal Age |
| 6:46 | Build | House |
| 7:56 | Build | Barracks |
| 8:12 | Queue | Villager (Male) |
| 8:26 | Age | Feudal Age |
| 8:36 | Build | Stable |
| 8:40 | Queue | Villager (Male) |
| 8:48 | Build | House |
| 9:03 | Research | Double-Bit Axe |
| 9:03 | Research | Double-Bit Axe |
| 9:17 | Queue | Scout Cavalry |
| 9:21 | Queue | Spearman |
| 9:30 | Queue | Militia |
| 9:37 | Queue | Villager (Male) |
| 9:39 | Build | House |
| 9:41 | Build | Farm |
| 9:42 | Build | Farm |
| 9:43 | Queue | Villager (Male) |
| 9:49 | Queue | Scout Cavalry |
| 9:49 | Queue | Scout Cavalry |
| 10:03 | Queue | Villager (Male) |
| 10:05 | Build | Farm |
| 10:18 | Build | House |
| 10:33 | Queue | Scout Cavalry |
| 10:34 | Queue | Scout Cavalry |
| 10:56 | Build | Farm |
| 10:57 | Queue | Villager (Male) |
| 10:59 | Build | House |
| 11:00 | Build | Palisade Wall |
| 11:03 | Build | House |
| 11:06 | Queue | Scout Cavalry |
| 11:06 | Queue | Scout Cavalry |
| 11:13 | Build | Farm |
| 11:15 | Build | Farm |
| 11:27 | Queue | Villager (Male) |
| 11:28 | Queue | Villager (Male) |
| 11:43 | Queue | Villager (Male) |
| 11:48 | Build | House |
| 12:07 | Queue | Villager (Male) |
| 12:10 | Build | Farm |
| 12:13 | Research | Horse Collar |
| 12:13 | Research | Horse Collar |
| 12:18 | Build | House |
| 12:33 | Queue | Villager (Male) |
| 12:35 | Queue | Scout Cavalry |
| 12:41 | Build | Blacksmith |
| 12:54 | Build | House |
| 13:15 | Queue | Villager (Male) |
| 13:17 | Build | Farm |
| 13:21 | Build | Farm |
| 13:22 | Queue | Villager (Male) |
| 13:34 | Research | Scale Barding Armor |
| 13:34 | Research | Scale Barding Armor |
| 13:40 | Queue | Scout Cavalry |
| 13:46 | Build | House |
| 13:54 | Queue | Villager (Male) |
| 13:58 | Build | Farm |
| 14:00 | Build | Farm |
| 14:12 | Build | House |
| 14:13 | Queue | Scout Cavalry |
| 14:28 | Queue | Villager (Male) |
| 14:31 | Build | House |
| 14:44 | Build | Farm |
| 14:51 | Queue | Villager (Male) |
| 14:57 | Build | Farm |
| 15:11 | Queue | Villager (Male) |
| 15:19 | Build | Palisade Wall |
| 15:32 | Research | Wheelbarrow |
| 15:32 | Research | Wheelbarrow |
| 15:37 | Build | House |
| 15:42 | Build | Palisade Wall |
| 15:45 | Build | Palisade Wall |
| 16:09 | Build | Farm |
| 16:13 | Build | Palisade Wall |
| 16:15 | Build | Palisade Wall |
| 16:18 | Queue | Villager (Male) |
| 16:23 | Build | Farm |
| 16:23 | Build | Farm |
| 16:26 | Queue | Villager (Male) |
| 16:55 | Research | Forging |
| 16:56 | Research | Bloodlines |
| 16:56 | Research | Bloodlines |
| 16:57 | Queue | Villager (Male) |
| 17:00 | Build | Stable |
| 17:25 | Build | House |
| 17:59 | Build | Farm |
| 18:00 | Build | Farm |
| 18:01 | Build | Mill |
| 18:01 | Queue | Villager (Male) |
| 18:05 | Queue | Scout Cavalry |
| 18:07 | Queue | Scout Cavalry |
| 18:19 | Build | Mining Camp |
| 18:21 | Queue | Scout Cavalry |
| 18:22 | Queue | Villager (Male) |
| 18:38 | Build | House |
| 18:40 | Queue | Scout Cavalry |
| 18:58 | Queue | Villager (Male) |
| 19:06 | Queue | Scout Cavalry |
| 19:12 | Queue | Scout Cavalry |
| 19:13 | Queue | Villager (Male) |
| 19:15 | Build | House |
| 19:55 | Queue | Scout Cavalry |
| 19:55 | Queue | Scout Cavalry |
| 19:56 | Queue | Scout Cavalry |
| 19:57 | Queue | Scout Cavalry |
| 19:58 | Queue | Villager (Male) |
Build order — [KOF] Raychu
145 actions detected in the replay
| 0:01 | Queue | Villager (Male) ×4 |
| 0:03 | Build | House |
| 0:04 | Build | House |
| 1:33 | Queue | Villager (Male) |
| 1:56 | Queue | Villager (Male) |
| 1:57 | Queue | Villager (Male) |
| 2:28 | Queue | Villager (Male) |
| 2:28 | Queue | Villager (Male) |
| 2:28 | Queue | Villager (Male) |
| 2:35 | Build | Lumber Camp |
| 3:20 | Queue | Villager (Male) |
| 3:20 | Queue | Villager (Male) |
| 3:21 | Queue | Villager (Male) |
| 3:53 | Build | House |
| 4:02 | Queue | Villager (Male) |
| 4:02 | Queue | Villager (Male) |
| 4:10 | Build | House |
| 4:21 | Queue | Villager (Male) |
| 4:21 | Queue | Villager (Male) |
| 4:49 | Queue | Villager (Male) |
| 4:49 | Queue | Villager (Male) |
| 5:05 | Build | Mill |
| 5:25 | Queue | Villager (Male) |
| 5:25 | Queue | Villager (Male) |
| 5:25 | Queue | Villager (Male) |
| 5:40 | Research | Loom |
| 5:41 | Research | Loom |
| 6:34 | Research | Feudal Age |
| 7:04 | Build | Barracks |
| 7:45 | Queue | Villager (Male) |
| 7:46 | Queue | Villager (Male) |
| 7:55 | Build | House |
| 8:51 | Age | Feudal Age |
| 8:54 | Build | Stable |
| 8:56 | Research | Double-Bit Axe |
| 8:58 | Queue | Villager (Male) |
| 9:19 | Build | House |
| 9:24 | Queue | Villager (Male) |
| 9:36 | Queue | Scout Cavalry |
| 9:36 | Queue | Scout Cavalry |
| 9:52 | Build | Blacksmith |
| 10:00 | Queue | Scout Cavalry |
| 10:13 | Build | House |
| 10:15 | Build | House |
| 10:20 | Build | Palisade Wall |
| 10:26 | Queue | Scout Cavalry |
| 10:33 | Queue | Villager (Male) |
| 10:37 | Build | Farm |
| 10:39 | Build | Farm |
| 10:58 | Queue | Villager (Male) |
| 11:02 | Queue | Villager (Male) |
| 11:08 | Build | Farm |
| 11:09 | Build | Farm |
| 11:18 | Research | Bloodlines |
| 11:18 | Research | Bloodlines |
| 11:18 | Research | Bloodlines |
| 11:27 | Build | Farm |
| 11:30 | Queue | Villager (Male) |
| 11:39 | Build | Farm |
| 11:57 | Queue | Scout Cavalry |
| 11:57 | Queue | Scout Cavalry |
| 12:06 | Queue | Scout Cavalry |
| 12:09 | Build | Farm |
| 12:20 | Queue | Scout Cavalry |
| 12:24 | Queue | Villager (Male) |
| 12:25 | Queue | Villager (Male) |
| 12:26 | Build | Stable |
| 12:35 | Queue | Villager (Male) |
| 12:45 | Research | Forging |
| 12:45 | Research | Forging |
| 12:51 | Queue | Villager (Male) |
| 12:52 | Build | Farm |
| 12:53 | Build | Farm |
| 13:06 | Queue | Scout Cavalry |
| 13:15 | Build | House |
| 13:21 | Build | House |
| 13:24 | Build | Palisade Wall |
| 13:38 | Queue | Villager (Male) |
| 13:40 | Queue | Scout Cavalry |
| 13:41 | Queue | Scout Cavalry |
| 13:43 | Queue | Villager (Male) |
| 13:46 | Build | Farm |
| 13:48 | Build | Farm |
| 14:13 | Queue | Scout Cavalry ×2 |
| 14:13 | Queue | Scout Cavalry ×2 |
| 14:20 | Queue | Villager (Male) |
| 14:20 | Queue | Villager (Male) |
| 14:22 | Build | Farm |
| 14:23 | Build | Farm |
| 14:23 | Build | Farm |
| 14:23 | Build | Farm |
| 14:23 | Build | Farm |
| 14:32 | Queue | Villager (Male) |
| 14:36 | Build | House |
| 14:38 | Build | House |
| 14:39 | Build | House |
| 14:49 | Queue | Scout Cavalry |
| 14:50 | Queue | Scout Cavalry |
| 15:11 | Queue | Scout Cavalry ×2 |
| 15:11 | Queue | Scout Cavalry ×2 |
| 15:30 | Queue | Scout Cavalry |
| 15:31 | Queue | Scout Cavalry |
| 15:31 | Queue | Scout Cavalry |
| 15:34 | Build | Farm |
| 15:44 | Build | Farm |
| 15:49 | Build | Palisade Wall |
| 15:54 | Queue | Villager (Male) |
| 15:56 | Queue | Villager (Male) |
| 16:01 | Build | Farm |
| 16:02 | Build | Farm |
| 16:05 | Queue | Villager (Male) |
| 16:29 | Queue | Scout Cavalry |
| 16:29 | Queue | Scout Cavalry |
| 16:44 | Queue | Villager (Male) |
| 16:46 | Build | Mining Camp |
| 17:06 | Research | Scale Barding Armor |
| 17:27 | Queue | Villager (Male) |
| 17:29 | Build | Market |
| 17:30 | Build | House |
| 17:32 | Build | House |
| 17:33 | Build | House |
| 17:34 | Build | House |
| 17:49 | Queue | Villager (Male) |
| 18:22 | Queue | Villager (Male) |
| 18:40 | Research | Castle Age |
| 18:40 | Research | Castle Age |
| 18:59 | Research | Gold Mining |
| 18:59 | Research | Gold Mining |
| 18:59 | Research | Gold Mining |
| 19:02 | Research | Horse Collar |
| 19:02 | Research | Horse Collar |
| 19:27 | Build | Stable |
| 19:33 | Research | Wheelbarrow |
| 19:33 | Research | Wheelbarrow |
| 19:33 | Research | Wheelbarrow |
| 19:45 | Build | House |
| 19:46 | Build | House |
| 19:47 | Build | House |
| 20:03 | Queue | Scout Cavalry |
| 20:03 | Queue | Scout Cavalry |
| 20:45 | Build | Farm |
| 21:11 | Build | House |
| 21:12 | Build | House |
| 21:13 | Build | House |
| 21:29 | Age | Castle Age |
Build order — RVN_Zoschenko
First 150 of 181 actions detected
| 0:01 | Queue | Villager (Male) |
| 0:01 | Queue | Villager (Male) |
| 0:02 | Queue | Villager (Male) |
| 0:02 | Queue | Villager (Male) |
| 0:03 | Build | House |
| 0:06 | Build | House |
| 1:07 | Queue | Villager (Male) |
| 1:28 | Queue | Villager (Male) |
| 1:28 | Queue | Villager (Male) |
| 1:43 | Build | Barracks |
| 1:52 | Queue | Villager (Male) |
| 2:16 | Queue | Villager (Male) |
| 2:16 | Queue | Villager (Male) |
| 2:52 | Queue | Unit 2550 |
| 3:10 | Queue | Villager (Male) |
| 3:10 | Queue | Villager (Male) |
| 3:41 | Build | House |
| 3:45 | Queue | Villager (Male) |
| 3:45 | Queue | Villager (Male) |
| 4:01 | Queue | Villager (Male) |
| 4:19 | Queue | Villager (Male) |
| 4:36 | Build | Settlement |
| 4:39 | Queue | Villager (Male) |
| 4:39 | Queue | Villager (Male) |
| 4:50 | Queue | Villager (Male) |
| 4:50 | Queue | Villager (Male) |
| 5:05 | Queue | Villager (Male) |
| 5:09 | Build | House |
| 5:30 | Queue | Villager (Male) |
| 6:09 | Build | Settlement |
| 6:30 | Queue | Villager (Male) |
| 6:45 | Queue | Villager (Male) |
| 7:06 | Queue | Villager (Male) |
| 7:15 | Build | Farm |
| 7:30 | Build | Farm |
| 7:32 | Queue | Villager (Male) |
| 7:32 | Queue | Villager (Male) |
| 7:32 | Queue | Villager (Male) |
| 7:33 | Queue | Villager (Male) |
| 7:35 | Build | Farm |
| 7:56 | Queue | Villager (Male) |
| 7:57 | Queue | Villager (Male) |
| 7:57 | Queue | Villager (Male) |
| 7:57 | Queue | Villager (Male) |
| 7:58 | Queue | Villager (Male) |
| 7:58 | Queue | Villager (Male) |
| 8:22 | Queue | Villager (Male) |
| 8:23 | Queue | Villager (Male) |
| 8:23 | Queue | Villager (Male) |
| 8:31 | Build | Settlement |
| 8:57 | Research | Feudal Age |
| 9:34 | Build | Farm |
| 10:04 | Queue | Villager (Male) |
| 10:04 | Queue | Villager (Male) |
| 10:11 | Build | Farm |
| 10:20 | Build | Farm |
| 11:21 | Age | Feudal Age |
| 11:23 | Build | Market |
| 11:26 | Build | Blacksmith |
| 11:32 | Research | Double-Bit Axe |
| 11:54 | Research | Loom |
| 12:14 | Research | Castle Age |
| 12:14 | Research | Castle Age |
| 12:39 | Research | Horse Collar |
| 12:45 | Research | Gold Mining |
| 13:10 | Research | Fletching |
| 13:10 | Research | Fletching |
| 13:22 | Build | Palisade Wall |
| 13:23 | Build | Palisade Wall |
| 13:24 | Build | Palisade Wall |
| 13:26 | Build | Palisade Wall |
| 13:27 | Build | Palisade Wall |
| 13:28 | Build | Palisade Wall |
| 13:47 | Research | Padded Archer Armor |
| 13:47 | Research | Padded Archer Armor |
| 13:53 | Build | Farm |
| 13:55 | Queue | Villager (Male) |
| 14:33 | Queue | Villager (Male) |
| 14:33 | Queue | Villager (Male) |
| 15:16 | Age | Castle Age |
| 15:19 | Build | Castle |
| 15:20 | Research | Bodkin Arrow |
| 15:20 | Research | Bodkin Arrow |
| 15:21 | Research | Bow Saw |
| 15:22 | Research | Bow Saw |
| 15:28 | Build | Town Center |
| 15:35 | Queue | Villager (Male) |
| 15:35 | Queue | Villager (Male) |
| 15:43 | Build | Town Center |
| 15:49 | Queue | Villager (Male) |
| 16:13 | Build | Farm |
| 16:22 | Research | Town Watch |
| 16:39 | Queue | Unit 2579 |
| 16:40 | Queue | Unit 2579 |
| 16:40 | Queue | Unit 2579 |
| 16:40 | Queue | Unit 2579 |
| 16:43 | Queue | Unit 2579 |
| 16:44 | Queue | Villager (Male) |
| 16:44 | Queue | Villager (Male) |
| 16:55 | Queue | Villager (Male) |
| 17:08 | Queue | Villager (Male) |
| 17:09 | Queue | Villager (Male) |
| 17:18 | Queue | Villager (Male) |
| 17:24 | Queue | Unit 2579 |
| 17:24 | Queue | Unit 2579 |
| 17:35 | Queue | Villager (Male) |
| 17:36 | Queue | Unit 2579 |
| 17:38 | Queue | Villager (Male) |
| 17:39 | Queue | Villager (Male) |
| 17:39 | Queue | Villager (Male) |
| 17:48 | Queue | Villager (Male) |
| 17:55 | Build | University |
| 18:01 | Queue | Unit 2579 |
| 18:01 | Queue | Unit 2579 |
| 18:06 | Queue | Villager (Male) |
| 18:06 | Queue | Villager (Male) |
| 18:09 | Queue | Unit 2579 |
| 18:10 | Queue | Unit 2579 |
| 18:16 | Queue | Villager (Male) |
| 18:17 | Queue | Villager (Male) |
| 18:20 | Build | Farm |
| 18:37 | Queue | Unit 2579 |
| 18:44 | Queue | Villager (Male) |
| 18:44 | Queue | Villager (Male) |
| 18:44 | Queue | Villager (Male) |
| 18:53 | Build | Settlement |
| 18:56 | Queue | Unit 2579 |
| 18:56 | Queue | Unit 2579 |
| 19:03 | Queue | Villager (Male) |
| 19:03 | Queue | Villager (Male) |
| 19:04 | Queue | Villager (Male) |
| 19:12 | Build | Farm |
| 19:14 | Build | Farm |
| 19:14 | Build | Farm |
| 19:15 | Build | Farm |
| 19:15 | Build | Farm |
| 19:15 | Build | Farm |
| 19:16 | Queue | Villager (Male) |
| 19:19 | Queue | Unit 2579 |
| 19:29 | Queue | Villager (Male) |
| 19:30 | Queue | Villager (Male) |
| 19:40 | Queue | Villager (Male) |
| 19:40 | Queue | Villager (Male) |
| 19:42 | Queue | Unit 2579 |
| 19:50 | Build | Farm |
| 19:51 | Build | Farm |
| 19:51 | Build | Farm |
| 19:51 | Build | Farm |
| 19:51 | Build | Farm |
| 19:52 | Queue | Villager (Male) |
Build order — hK | Anubis
134 actions detected in the replay
| 0:01 | Queue | Villager (Male) |
| 0:02 | Queue | Villager (Male) |
| 0:03 | Build | House |
| 0:04 | Build | House |
| 0:11 | Queue | Villager (Male) |
| 0:11 | Queue | Villager (Male) |
| 1:39 | Queue | Villager (Male) |
| 1:57 | Queue | Villager (Male) |
| 1:57 | Queue | Villager (Male) |
| 2:19 | Queue | Villager (Male) |
| 2:19 | Queue | Villager (Male) |
| 2:37 | Queue | Villager (Male) |
| 3:02 | Build | Lumber Camp |
| 3:10 | Queue | Villager (Male) |
| 3:15 | Queue | Villager (Male) |
| 3:50 | Queue | Villager (Male) |
| 4:02 | Build | House |
| 4:07 | Queue | Villager (Male) |
| 4:07 | Queue | Villager (Male) |
| 4:41 | Build | House |
| 4:59 | Queue | Villager (Male) |
| 5:19 | Queue | Villager (Male) |
| 5:44 | Queue | Villager (Male) |
| 6:16 | Queue | Villager (Male) |
| 6:18 | Queue | Villager (Male) |
| 6:18 | Research | Loom |
| 6:33 | Build | Mill |
| 7:00 | Research | Feudal Age |
| 7:00 | Research | Feudal Age |
| 8:12 | Build | Barracks |
| 8:20 | Build | House |
| 8:30 | Build | House |
| 8:48 | Build | Palisade Wall |
| 8:52 | Build | Palisade Wall |
| 8:53 | Build | Palisade Wall |
| 8:55 | Build | Palisade Wall |
| 9:02 | Build | Mining Camp |
| 9:20 | Age | Feudal Age |
| 9:22 | Queue | Villager (Male) |
| 9:23 | Queue | Villager (Male) |
| 9:42 | Build | Archery Range |
| 10:04 | Build | Archery Range |
| 10:05 | Queue | Villager (Male) |
| 10:20 | Build | Palisade Wall |
| 10:22 | Build | Palisade Wall |
| 10:22 | Build | Palisade Wall |
| 10:24 | Build | Palisade Wall |
| 10:25 | Build | Palisade Wall |
| 10:52 | Queue | Archer |
| 10:53 | Queue | Archer |
| 11:06 | Queue | Villager (Male) |
| 11:09 | Queue | Archer |
| 11:34 | Build | Palisade Wall |
| 11:36 | Build | Palisade Wall |
| 11:37 | Build | Palisade Wall |
| 11:38 | Build | Palisade Wall |
| 11:53 | Queue | Archer |
| 11:56 | Build | Blacksmith |
| 12:13 | Queue | Archer |
| 12:17 | Build | Palisade Wall |
| 12:28 | Queue | Archer |
| 12:28 | Queue | Archer |
| 12:33 | Build | Palisade Wall |
| 12:34 | Build | Palisade Wall |
| 12:38 | Queue | Villager (Male) |
| 12:53 | Queue | Villager (Male) |
| 13:04 | Queue | Villager (Male) |
| 13:07 | Build | House |
| 13:19 | Build | House |
| 13:25 | Build | Palisade Wall |
| 13:32 | Queue | Archer |
| 13:33 | Queue | Archer |
| 13:40 | Queue | Villager (Male) |
| 13:59 | Queue | Archer |
| 14:00 | Queue | Villager (Male) |
| 14:02 | Queue | Spearman |
| 14:16 | Queue | Villager (Male) |
| 15:12 | Queue | Archer |
| 15:12 | Queue | Archer |
| 15:12 | Queue | Archer |
| 15:24 | Queue | Archer |
| 15:24 | Queue | Archer |
| 15:33 | Queue | Archer |
| 15:33 | Queue | Archer |
| 15:34 | Queue | Villager (Male) |
| 15:34 | Queue | Villager (Male) |
| 15:46 | Queue | Archer |
| 15:47 | Queue | Archer |
| 15:47 | Queue | Villager (Male) |
| 15:56 | Queue | Villager (Male) |
| 15:58 | Build | House |
| 16:02 | Build | Farm |
| 16:18 | Queue | Archer |
| 16:19 | Queue | Archer |
| 16:21 | Queue | Archer |
| 16:30 | Queue | Villager (Male) |
| 16:33 | Build | Farm |
| 16:50 | Queue | Archer |
| 16:51 | Queue | Archer |
| 16:53 | Queue | Villager (Male) |
| 16:58 | Build | House |
| 17:15 | Queue | Archer |
| 17:49 | Queue | Archer |
| 17:55 | Build | Palisade Wall |
| 17:59 | Build | House |
| 18:04 | Build | Palisade Wall |
| 18:07 | Queue | Archer |
| 18:08 | Queue | Villager (Male) |
| 18:08 | Queue | Villager (Male) |
| 18:18 | Build | Farm |
| 18:20 | Queue | Archer |
| 18:39 | Build | Lumber Camp |
| 18:43 | Queue | Archer |
| 18:43 | Queue | Archer |
| 19:03 | Build | Palisade Wall |
| 19:07 | Build | Palisade Wall |
| 19:11 | Build | House |
| 19:14 | Queue | Villager (Male) |
| 19:14 | Queue | Villager (Male) |
| 19:18 | Research | Padded Archer Armor |
| 19:19 | Research | Fletching |
| 19:27 | Build | Farm |
| 19:27 | Queue | Villager (Male) |
| 19:34 | Build | Palisade Wall |
| 19:37 | Build | House |
| 19:40 | Build | Palisade Wall |
| 19:53 | Queue | Villager (Male) |
| 20:13 | Queue | Archer |
| 20:20 | Build | Farm |
| 20:21 | Build | Farm |
| 20:26 | Queue | Archer |
| 20:27 | Queue | Archer |
| 21:03 | Build | Palisade Wall |
| 21:04 | Build | Palisade Wall |
Build order — CTM | Christine
133 actions detected in the replay
| 0:01 | Queue | Villager (Male) |
| 0:01 | Queue | Villager (Male) |
| 0:01 | Queue | Villager (Male) |
| 0:02 | Build | House |
| 0:03 | Build | House |
| 0:13 | Queue | Villager (Male) |
| 0:13 | Queue | Villager (Male) |
| 1:11 | Queue | Villager (Male) |
| 1:11 | Queue | Villager (Male) |
| 1:12 | Queue | Villager (Male) |
| 1:45 | Queue | Villager (Male) |
| 1:45 | Queue | Villager (Male) |
| 1:45 | Queue | Villager (Male) |
| 2:16 | Queue | Villager (Male) |
| 2:17 | Queue | Villager (Male) |
| 2:41 | Queue | Villager (Male) |
| 2:41 | Queue | Villager (Male) |
| 2:57 | Queue | Villager (Male) |
| 2:57 | Queue | Villager (Male) |
| 2:57 | Queue | Villager (Male) |
| 3:07 | Build | House |
| 3:29 | Build | Lumber Camp |
| 3:45 | Queue | Villager (Male) |
| 3:59 | Queue | Villager (Male) |
| 4:19 | Queue | Villager (Male) |
| 4:43 | Queue | Villager (Male) |
| 5:04 | Queue | Villager (Male) |
| 5:33 | Queue | Villager (Male) |
| 5:36 | Build | Mill |
| 5:58 | Research | Loom |
| 6:49 | Research | Feudal Age |
| 7:26 | Queue | Villager (Male) |
| 7:50 | Build | House |
| 8:29 | Build | Barracks |
| 8:50 | Queue | Villager (Male) |
| 8:59 | Age | Feudal Age |
| 9:17 | Build | Stable |
| 9:27 | Queue | Villager (Male) |
| 9:52 | Queue | Villager (Male) |
| 10:02 | Queue | Scout Cavalry |
| 10:02 | Queue | Scout Cavalry |
| 10:02 | Queue | Scout Cavalry |
| 10:02 | Queue | Scout Cavalry |
| 10:08 | Build | House |
| 10:26 | Build | Palisade Wall |
| 10:34 | Queue | Villager (Male) |
| 10:34 | Queue | Villager (Male) |
| 10:57 | Build | House |
| 11:00 | Build | Palisade Wall |
| 11:10 | Queue | Villager (Male) |
| 11:19 | Build | Palisade Wall |
| 11:26 | Build | Palisade Wall |
| 11:27 | Build | Palisade Wall |
| 11:30 | Build | Palisade Wall |
| 11:31 | Build | Palisade Wall |
| 11:36 | Queue | Villager (Male) |
| 11:59 | Build | Farm |
| 11:59 | Build | Farm |
| 12:00 | Build | Farm |
| 12:01 | Build | Farm |
| 12:02 | Build | Farm |
| 12:03 | Queue | Villager (Male) |
| 12:29 | Queue | Villager (Male) |
| 12:32 | Build | House |
| 12:33 | Queue | Scout Cavalry |
| 12:34 | Queue | Scout Cavalry |
| 12:34 | Queue | Scout Cavalry |
| 12:35 | Queue | Scout Cavalry |
| 12:40 | Build | Palisade Wall |
| 13:00 | Queue | Villager (Male) |
| 13:04 | Build | Farm |
| 13:04 | Build | Farm |
| 13:20 | Queue | Villager (Male) |
| 13:23 | Build | Farm |
| 13:27 | Build | House |
| 13:28 | Build | House |
| 13:38 | Build | Farm |
| 13:40 | Queue | Villager (Male) |
| 14:02 | Queue | Villager (Male) |
| 14:06 | Build | Farm |
| 14:15 | Build | Blacksmith |
| 14:31 | Queue | Villager (Male) |
| 14:34 | Build | Farm |
| 14:35 | Build | Farm |
| 14:53 | Queue | Villager (Male) |
| 14:53 | Queue | Scout Cavalry |
| 14:53 | Queue | Scout Cavalry |
| 14:54 | Queue | Scout Cavalry |
| 14:54 | Queue | Scout Cavalry |
| 14:54 | Queue | Scout Cavalry |
| 15:06 | Build | Mining Camp |
| 15:29 | Queue | Villager (Male) |
| 15:58 | Queue | Villager (Male) |
| 16:00 | Queue | Scout Cavalry |
| 16:01 | Queue | Scout Cavalry |
| 16:01 | Queue | Scout Cavalry |
| 16:01 | Queue | Scout Cavalry |
| 16:10 | Queue | Villager (Male) |
| 16:43 | Queue | Villager (Male) |
| 16:45 | Queue | Scout Cavalry |
| 16:45 | Queue | Scout Cavalry |
| 16:48 | Build | Farm |
| 16:48 | Build | Farm |
| 16:49 | Build | Farm |
| 16:52 | Build | Farm |
| 16:53 | Build | Farm |
| 17:15 | Queue | Villager (Male) |
| 17:29 | Queue | Villager (Male) |
| 17:29 | Queue | Scout Cavalry |
| 17:30 | Queue | Scout Cavalry |
| 17:30 | Queue | Scout Cavalry |
| 17:30 | Queue | Scout Cavalry |
| 17:50 | Build | Market |
| 17:58 | Queue | Villager (Male) |
| 18:02 | Build | Farm |
| 18:03 | Build | Farm |
| 18:13 | Queue | Villager (Male) |
| 18:42 | Queue | Scout Cavalry |
| 18:47 | Research | Scale Barding Armor |
| 18:48 | Queue | Villager (Male) |
| 18:50 | Build | House |
| 19:14 | Research | Castle Age |
| 19:14 | Research | Castle Age |
| 19:16 | Build | House |
| 19:25 | Queue | Villager (Male) |
| 20:03 | Queue | Scout Cavalry |
| 20:11 | Build | House |
| 20:12 | Build | House |
| 20:15 | Research | Double-Bit Axe |
| 20:30 | Research | Bloodlines |
| 20:50 | Build | House |
| 21:02 | Queue | Scout Cavalry |
| 21:18 | Build | Stable |
Build order — Muz
96 actions detected in the replay
| 0:02 | Queue | Villager (Male) |
| 0:03 | Build | House |
| 0:04 | Build | House |
| 0:14 | Queue | Villager (Male) ×3 |
| 1:37 | Queue | Villager (Male) |
| 2:04 | Queue | Villager (Male) |
| 2:07 | Build | Lumber Camp |
| 2:30 | Queue | Villager (Male) |
| 2:55 | Queue | Villager (Male) |
| 3:15 | Build | House |
| 3:16 | Build | House |
| 3:21 | Build | Palisade Wall |
| 3:25 | Queue | Villager (Male) |
| 3:38 | Queue | Villager (Male) |
| 3:50 | Queue | Villager (Male) |
| 4:36 | Build | Palisade Wall |
| 4:36 | Build | Palisade Wall |
| 4:43 | Queue | Villager (Male) |
| 5:03 | Build | Palisade Gate |
| 5:06 | Build | Palisade Wall |
| 5:07 | Build | Palisade Wall |
| 5:14 | Queue | Villager (Male) |
| 5:14 | Queue | Villager (Male) |
| 5:28 | Build | Mill |
| 5:37 | Queue | Villager (Male) |
| 6:06 | Queue | Villager (Male) |
| 6:22 | Queue | Villager (Male) |
| 6:46 | Queue | Villager (Male) |
| 7:23 | Queue | Villager (Male) |
| 7:43 | Queue | Villager (Male) |
| 7:44 | Queue | Villager (Male) |
| 8:15 | Research | Loom |
| 8:38 | Queue | Villager (Male) |
| 9:03 | Research | Feudal Age |
| 9:28 | Build | Barracks |
| 9:45 | Build | House |
| 9:47 | Build | House |
| 10:04 | Build | Mining Camp |
| 10:46 | Queue | Villager (Male) |
| 10:46 | Queue | Villager (Male) |
| 11:13 | Age | Feudal Age |
| 11:17 | Build | Stable |
| 11:20 | Research | Horse Collar |
| 11:34 | Build | Blacksmith |
| 11:40 | Queue | Villager (Male) |
| 11:42 | Build | Farm |
| 12:00 | Queue | Villager (Male) |
| 12:19 | Build | Stable |
| 12:24 | Queue | Scout Cavalry |
| 12:24 | Queue | Scout Cavalry |
| 12:24 | Queue | Scout Cavalry |
| 12:27 | Queue | Villager (Male) |
| 12:38 | Build | Farm |
| 12:40 | Build | Farm |
| 12:42 | Build | Farm |
| 12:49 | Build | Farm |
| 12:54 | Queue | Scout Cavalry |
| 13:11 | Build | Watch Tower |
| 13:24 | Queue | Scout Cavalry |
| 13:53 | Queue | Scout Cavalry |
| 14:05 | Queue | Scout Cavalry |
| 14:27 | Queue | Villager (Male) |
| 14:37 | Queue | Villager (Male) |
| 14:47 | Build | Farm |
| 14:48 | Build | Farm |
| 14:52 | Build | Farm |
| 14:54 | Build | Farm |
| 14:56 | Build | Farm |
| 15:00 | Build | Farm |
| 15:04 | Build | Farm |
| 15:09 | Queue | Villager (Male) |
| 15:15 | Build | House |
| 15:32 | Queue | Villager (Male) |
| 15:36 | Queue | Scout Cavalry |
| 15:57 | Queue | Scout Cavalry |
| 15:58 | Queue | Scout Cavalry |
| 16:04 | Build | House |
| 16:07 | Build | House |
| 16:08 | Build | House |
| 16:13 | Queue | Villager (Male) |
| 16:51 | Research | Scale Barding Armor |
| 16:58 | Build | Mining Camp |
| 17:06 | Queue | Villager (Male) |
| 17:34 | Queue | Villager (Male) |
| 17:52 | Queue | Villager (Male) |
| 18:12 | Queue | Villager (Male) |
| 18:27 | Build | Farm |
| 18:30 | Queue | Villager (Male) |
| 18:47 | Research | Bloodlines |
| 18:47 | Research | Bloodlines |
| 19:21 | Queue | Villager (Male) |
| 19:27 | Research | Forging |
| 19:53 | Queue | Scout Cavalry |
| 20:01 | Build | Watch Tower |
| 21:03 | Build | Watch Tower |
| 21:05 | Queue | Villager (Male) |
Build order — Nosoylorecs
142 actions detected in the replay
| 0:01 | Queue | Villager (Male) |
| 0:02 | Queue | Villager (Male) |
| 0:02 | Queue | Villager (Male) |
| 0:02 | Queue | Villager (Male) |
| 0:02 | Queue | Villager (Male) |
| 0:03 | Build | House |
| 0:05 | Build | House |
| 1:30 | Queue | Villager (Male) |
| 1:30 | Queue | Villager (Male) |
| 1:53 | Queue | Villager (Male) |
| 1:53 | Queue | Villager (Male) |
| 1:54 | Queue | Villager (Male) |
| 2:32 | Queue | Villager (Male) |
| 2:32 | Queue | Villager (Male) |
| 2:40 | Queue | Villager (Male) |
| 2:40 | Queue | Villager (Male) |
| 2:45 | Build | Mule Cart |
| 2:56 | Queue | Villager (Male) |
| 2:57 | Queue | Villager (Male) |
| 3:16 | Queue | Villager (Male) |
| 3:16 | Queue | Villager (Male) |
| 3:53 | Build | House |
| 4:01 | Queue | Villager (Male) |
| 4:29 | Queue | Villager (Male) |
| 5:26 | Queue | Villager (Male) |
| 5:37 | Build | Barracks |
| 5:43 | Research | Loom |
| 6:11 | Build | House |
| 6:22 | Research | Feudal Age |
| 6:22 | Research | Feudal Age |
| 6:22 | Research | Feudal Age |
| 6:48 | Build | Mule Cart |
| 7:46 | Queue | Spearman |
| 8:30 | Queue | Villager (Male) |
| 8:32 | Age | Feudal Age |
| 8:33 | Build | Archery Range |
| 8:34 | Build | Archery Range |
| 8:50 | Queue | Villager (Male) |
| 9:00 | Build | House |
| 9:21 | Queue | Villager (Male) |
| 9:34 | Queue | Archer |
| 9:35 | Queue | Archer |
| 9:36 | Build | Blacksmith |
| 9:49 | Queue | Villager (Male) |
| 9:57 | Build | House |
| 10:11 | Queue | Villager (Male) |
| 10:27 | Queue | Archer |
| 10:27 | Queue | Archer |
| 10:29 | Research | Fletching |
| 10:52 | Queue | Villager (Male) |
| 11:04 | Queue | Archer |
| 11:04 | Queue | Archer |
| 11:07 | Research | Double-Bit Axe |
| 11:07 | Research | Double-Bit Axe |
| 11:21 | Queue | Villager (Male) |
| 11:27 | Build | Mill |
| 11:39 | Queue | Archer |
| 11:39 | Queue | Archer |
| 11:39 | Queue | Villager (Male) |
| 11:46 | Build | Palisade Gate |
| 11:48 | Build | Palisade Wall |
| 11:52 | Queue | Villager (Male) |
| 11:57 | Queue | Spearman |
| 12:10 | Queue | Villager (Male) |
| 12:13 | Research | Horse Collar |
| 12:15 | Build | House |
| 12:18 | Build | House |
| 12:35 | Build | Farm |
| 12:35 | Build | Farm |
| 12:36 | Build | Farm |
| 12:36 | Build | Farm |
| 12:42 | Build | House |
| 12:44 | Build | Farm |
| 12:48 | Queue | Archer |
| 12:49 | Queue | Archer |
| 13:07 | Queue | Villager (Male) |
| 13:08 | Queue | Villager (Male) |
| 13:12 | Queue | Archer |
| 13:13 | Queue | Archer |
| 13:14 | Build | House |
| 13:35 | Queue | Archer |
| 13:35 | Queue | Archer |
| 13:41 | Queue | Villager (Male) |
| 13:43 | Build | Farm |
| 13:56 | Build | Farm |
| 14:21 | Queue | Spearman |
| 14:22 | Queue | Spearman |
| 14:30 | Build | Farm |
| 14:49 | Queue | Villager (Male) |
| 14:55 | Queue | Archer |
| 14:55 | Queue | Archer |
| 15:03 | Queue | Spearman |
| 15:08 | Build | Market |
| 15:18 | Queue | Villager (Male) |
| 15:19 | Build | Farm |
| 15:38 | Queue | Archer |
| 15:39 | Queue | Archer |
| 15:40 | Build | House |
| 15:40 | Queue | Villager (Male) |
| 15:49 | Build | Farm |
| 16:00 | Build | House |
| 16:25 | Research | Castle Age |
| 16:25 | Research | Castle Age |
| 16:48 | Build | Farm |
| 16:52 | Queue | Archer |
| 16:52 | Queue | Archer |
| 17:36 | Queue | Archer |
| 17:36 | Queue | Archer |
| 17:39 | Build | Archery Range |
| 18:08 | Queue | Archer |
| 18:08 | Queue | Archer |
| 18:31 | Build | House |
| 18:33 | Build | House |
| 18:40 | Queue | Spearman |
| 18:40 | Queue | Spearman |
| 19:05 | Age | Castle Age |
| 19:08 | Research | Crossbowman (upgrade) |
| 19:08 | Research | Bodkin Arrow |
| 19:09 | Research | Bodkin Arrow |
| 19:09 | Research | Bow Saw |
| 19:09 | Research | Bow Saw |
| 19:09 | Research | Bow Saw |
| 19:11 | Build | Palisade Wall |
| 19:14 | Queue | Villager (Male) |
| 19:42 | Queue | Archer |
| 19:42 | Queue | Archer |
| 19:42 | Queue | Archer |
| 19:43 | Queue | Villager (Male) |
| 20:01 | Queue | Villager (Male) |
| 20:05 | Build | Town Center |
| 20:11 | Queue | Villager (Male) |
| 20:18 | Queue | Archer |
| 20:18 | Queue | Archer |
| 20:18 | Queue | Archer |
| 20:36 | Queue | Villager (Male) |
| 20:53 | Queue | Villager (Male) |
| 20:53 | Queue | Villager (Male) |
| 21:08 | Queue | Archer |
| 21:08 | Queue | Archer |
| 21:08 | Queue | Archer |
| 21:09 | Queue | Villager (Male) |
| 21:22 | Queue | Villager (Male) |
Build order — Rodrixs
138 actions detected in the replay
| 0:01 | Queue | Villager (Male) |
| 0:03 | Build | House |
| 0:05 | Build | Barracks |
| 0:19 | Queue | Villager (Male) |
| 0:36 | Queue | Villager (Male) |
| 0:52 | Queue | Villager (Male) |
| 1:04 | Queue | Unit 2550 |
| 1:14 | Queue | Villager (Male) |
| 1:44 | Queue | Villager (Male) |
| 2:08 | Queue | Villager (Male) |
| 2:32 | Queue | Villager (Male) |
| 2:45 | Queue | Villager (Male) |
| 3:03 | Queue | Unit 2550 |
| 3:10 | Build | House |
| 3:22 | Queue | Villager (Male) |
| 3:42 | Queue | Villager (Male) |
| 4:09 | Queue | Unit 2550 |
| 4:24 | Queue | Villager (Male) |
| 4:40 | Build | Settlement |
| 4:46 | Queue | Villager (Male) |
| 5:08 | Queue | Villager (Male) |
| 5:38 | Queue | Villager (Male) |
| 5:41 | Research | Loom |
| 6:24 | Build | Settlement |
| 6:29 | Research | Feudal Age |
| 6:38 | Queue | Unit 2550 |
| 7:05 | Build | Farm |
| 7:14 | Queue | Unit 2550 |
| 7:28 | Queue | Unit 2550 |
| 7:33 | Build | Farm |
| 7:58 | Build | Barracks |
| 8:04 | Queue | Villager (Male) |
| 8:39 | Age | Feudal Age |
| 8:42 | Research | Tech 1402 |
| 8:49 | Research | Double-Bit Axe |
| 8:54 | Build | Farm |
| 8:55 | Build | Farm |
| 9:07 | Queue | Villager (Male) |
| 9:16 | Queue | Unit 2550 |
| 9:32 | Queue | Villager (Male) |
| 9:38 | Build | Blacksmith |
| 9:50 | Queue | Unit 2550 |
| 9:53 | Queue | Villager (Male) |
| 9:58 | Queue | Unit 2550 |
| 10:09 | Research | Horse Collar |
| 10:10 | Queue | Villager (Male) |
| 10:20 | Queue | Unit 2550 |
| 10:21 | Queue | Villager (Male) |
| 10:23 | Build | Farm |
| 10:24 | Build | Farm |
| 10:45 | Build | Farm |
| 10:48 | Build | Farm |
| 10:51 | Queue | Unit 2550 |
| 10:57 | Queue | Villager (Male) |
| 10:59 | Build | Farm |
| 11:14 | Build | Farm |
| 11:22 | Queue | Unit 2550 |
| 11:36 | Queue | Villager (Male) |
| 11:50 | Queue | Unit 2550 |
| 11:50 | Queue | Unit 2550 |
| 12:04 | Queue | Villager (Male) |
| 12:09 | Build | Farm |
| 12:10 | Build | Farm |
| 12:16 | Research | Arson |
| 12:26 | Research | Scale Mail Armor |
| 12:34 | Build | Farm |
| 12:35 | Build | Farm |
| 12:36 | Queue | Villager (Male) |
| 12:37 | Build | Farm |
| 12:46 | Queue | Unit 2550 |
| 13:00 | Queue | Unit 2550 |
| 13:03 | Queue | Villager (Male) |
| 13:06 | Build | Farm |
| 13:07 | Build | Farm |
| 13:29 | Queue | Unit 2550 |
| 13:30 | Queue | Unit 2550 |
| 13:30 | Queue | Villager (Male) |
| 13:57 | Queue | Villager (Male) |
| 14:00 | Research | Forging |
| 14:03 | Build | Farm |
| 14:05 | Build | Farm |
| 14:15 | Queue | Unit 2550 |
| 14:16 | Queue | Unit 2550 |
| 14:17 | Queue | Villager (Male) |
| 14:33 | Build | Settlement |
| 14:39 | Queue | Unit 2550 |
| 14:39 | Queue | Unit 2550 |
| 14:40 | Queue | Villager (Male) |
| 14:49 | Queue | Unit 2550 |
| 14:57 | Queue | Villager (Male) |
| 15:15 | Queue | Villager (Male) |
| 15:27 | Queue | Unit 2550 |
| 15:30 | Queue | Villager (Male) |
| 15:43 | Build | Farm |
| 15:45 | Queue | Villager (Male) |
| 15:59 | Queue | Unit 2550 |
| 15:59 | Queue | Unit 2550 |
| 16:04 | Queue | Villager (Male) |
| 16:18 | Queue | Unit 2550 |
| 16:18 | Queue | Unit 2550 |
| 16:23 | Queue | Villager (Male) |
| 16:32 | Queue | Villager (Male) |
| 16:41 | Build | Market |
| 16:46 | Queue | Unit 2550 |
| 16:48 | Queue | Villager (Male) |
| 17:13 | Queue | Villager (Male) |
| 17:40 | Research | Castle Age |
| 17:50 | Queue | Unit 2550 |
| 18:02 | Queue | Unit 2550 |
| 18:08 | Queue | Villager (Male) |
| 18:22 | Build | Barracks |
| 18:29 | Queue | Unit 2550 |
| 18:29 | Queue | Unit 2550 |
| 18:56 | Build | Palisade Wall |
| 18:59 | Build | Palisade Wall |
| 19:08 | Build | Farm |
| 19:17 | Queue | Unit 2550 |
| 19:17 | Queue | Unit 2550 |
| 19:26 | Queue | Unit 2550 |
| 19:31 | Research | Gold Mining |
| 19:53 | Queue | Unit 2550 |
| 19:53 | Queue | Unit 2550 |
| 19:53 | Queue | Unit 2550 |
| 19:57 | Queue | Villager (Male) |
| 20:01 | Build | Farm |
| 20:12 | Build | House |
| 20:22 | Age | Castle Age |
| 20:25 | Research | Tech 1351 |
| 20:26 | Research | Squires |
| 20:30 | Research | Chain Mail Armor |
| 20:41 | Queue | Villager (Male) |
| 20:49 | Build | Farm |
| 20:51 | Build | Farm |
| 20:55 | Queue | Unit 2550 |
| 20:55 | Queue | Unit 2550 |
| 21:03 | Queue | Villager (Male) |
| 21:04 | Queue | Unit 2550 |
| 21:09 | Build | Farm |
Match timeline
| 0:05 | Rodrixs · first_building Barracks |
| 1:43 | RVN_Zoschenko · first_building Barracks |
| 3:21 | Muz · wall_segment Palisade Wall x1 |
| 4:36 | Muz · wall_segment Palisade Wall x1 |
| 4:36 | Muz · wall_segment Palisade Wall x1 |
| 5:06 | Muz · wall_segment Palisade Wall x6 |
| 5:07 | Muz · wall_segment Palisade Wall x8 |
| 5:37 | Nosoylorecs · first_building Barracks |
| 7:04 | [KOF] Raychu · first_building Barracks |
| 7:56 | 虎蹲压制大脑喷气代替思考敌人不倒我倒 · first_building Barracks |
| 8:12 | hK | Anubis · first_building Barracks |
| 8:26 | 虎蹲压制大脑喷气代替思考敌人不倒我倒 · age_up feudal |
| 8:29 | CTM | Christine · first_building Barracks |
| 8:32 | Nosoylorecs · age_up feudal |
| 8:33 | Nosoylorecs · first_building Archery Range |
| 8:36 | 虎蹲压制大脑喷气代替思考敌人不倒我倒 · first_building Stable |
| 8:39 | Rodrixs · age_up feudal |
| 8:48 | hK | Anubis · wall_segment Palisade Wall x1 |
| 8:51 | [KOF] Raychu · age_up feudal |
| 8:52 | hK | Anubis · wall_segment Palisade Wall x1 |
| 8:53 | hK | Anubis · wall_segment Palisade Wall x1 |
| 8:54 | [KOF] Raychu · first_building Stable |
| 8:55 | hK | Anubis · wall_segment Palisade Wall x1 |
| 8:59 | CTM | Christine · age_up feudal |
| 9:17 | CTM | Christine · first_building Stable |
| 9:20 | hK | Anubis · age_up feudal |
| 9:28 | Muz · first_building Barracks |
| 9:42 | hK | Anubis · first_building Archery Range |
| 10:20 | [KOF] Raychu · wall_segment Palisade Wall x1 |
| 10:20 | hK | Anubis · wall_segment Palisade Wall x1 |
| 10:22 | hK | Anubis · wall_segment Palisade Wall x1 |
| 10:22 | hK | Anubis · wall_segment Palisade Wall x1 |
| 10:24 | hK | Anubis · wall_segment Palisade Wall x1 |
| 10:25 | hK | Anubis · wall_segment Palisade Wall x1 |
| 10:26 | CTM | Christine · wall_segment Palisade Wall x7 |
| 11:00 | CTM | Christine · wall_segment Palisade Wall x3 |
| 11:00 | 虎蹲压制大脑喷气代替思考敌人不倒我倒 · wall_segment Palisade Wall x3 |
| 11:13 | Muz · age_up feudal |
| 11:17 | Muz · first_building Stable |
| 11:19 | CTM | Christine · wall_segment Palisade Wall x6 |
| 11:21 | RVN_Zoschenko · age_up feudal |
| 11:26 | CTM | Christine · wall_segment Palisade Wall x6 |
| 11:27 | CTM | Christine · wall_segment Palisade Wall x2 |
| 11:30 | CTM | Christine · wall_segment Palisade Wall x2 |
| 11:31 | CTM | Christine · wall_segment Palisade Wall x5 |
| 11:34 | hK | Anubis · wall_segment Palisade Wall x1 |
| 11:36 | hK | Anubis · wall_segment Palisade Wall x1 |
| 11:37 | hK | Anubis · wall_segment Palisade Wall x1 |
| 11:38 | hK | Anubis · wall_segment Palisade Wall x1 |
| 11:48 | Nosoylorecs · wall_segment Palisade Wall x7 |
| 12:17 | hK | Anubis · wall_segment Palisade Wall x1 |
| 12:33 | hK | Anubis · wall_segment Palisade Wall x1 |
| 12:34 | hK | Anubis · wall_segment Palisade Wall x1 |
| 12:40 | CTM | Christine · wall_segment Palisade Wall x15 |
| 13:22 | RVN_Zoschenko · wall_segment Palisade Wall x1 |
| 13:23 | RVN_Zoschenko · wall_segment Palisade Wall x1 |
| 13:24 | [KOF] Raychu · wall_segment Palisade Wall x1 |
| 13:24 | RVN_Zoschenko · wall_segment Palisade Wall x1 |
| 13:25 | hK | Anubis · wall_segment Palisade Wall x1 |
| 13:26 | RVN_Zoschenko · wall_segment Palisade Wall x1 |
| 13:27 | RVN_Zoschenko · wall_segment Palisade Wall x1 |
| 13:28 | RVN_Zoschenko · wall_segment Palisade Wall x1 |
| 15:16 | RVN_Zoschenko · age_up castle |
| 15:19 | RVN_Zoschenko · first_building Castle |
| 15:19 | 虎蹲压制大脑喷气代替思考敌人不倒我倒 · wall_segment Palisade Wall x1 |
| 15:42 | 虎蹲压制大脑喷气代替思考敌人不倒我倒 · wall_segment Palisade Wall x1 |
| 15:45 | 虎蹲压制大脑喷气代替思考敌人不倒我倒 · wall_segment Palisade Wall x3 |
| 15:49 | [KOF] Raychu · wall_segment Palisade Wall x1 |
| 16:13 | 虎蹲压制大脑喷气代替思考敌人不倒我倒 · wall_segment Palisade Wall x6 |
| 16:14 | Nosoylorecs · first_market_buy 100 food |
| 16:15 | 虎蹲压制大脑喷气代替思考敌人不倒我倒 · wall_segment Palisade Wall x4 |
| 17:35 | Rodrixs · first_market_sell 100 food |
| 17:55 | hK | Anubis · wall_segment Palisade Wall x1 |
| 18:04 | hK | Anubis · wall_segment Palisade Wall x1 |
| 18:37 | [KOF] Raychu · first_market_buy 100 food |
| 18:56 | Rodrixs · wall_segment Palisade Wall x6 |
| 18:59 | Rodrixs · wall_segment Palisade Wall x7 |
| 19:03 | hK | Anubis · wall_segment Palisade Wall x1 |
| 19:05 | Nosoylorecs · age_up castle |
| 19:07 | hK | Anubis · wall_segment Palisade Wall x1 |
| 19:08 | CTM | Christine · first_market_buy 100 food |
| 19:11 | Nosoylorecs · wall_segment Palisade Wall x1 |
| 19:34 | hK | Anubis · wall_segment Palisade Wall x1 |
| 19:40 | hK | Anubis · wall_segment Palisade Wall x2 |
| 20:01 | 虎蹲压制大脑喷气代替思考敌人不倒我倒 · resign |
| 20:22 | Rodrixs · age_up castle |
| 21:03 | hK | Anubis · wall_segment Palisade Wall x1 |
| 21:04 | hK | Anubis · wall_segment Palisade Wall x2 |
| 21:29 | [KOF] Raychu · age_up castle |
[ AI ANALYSIS · 1 CREDIT ]
What really happened in this match?
Wolo.gg analyzes every decision: build order, eco, micro, common mistakes by bracket. Personalized analysis on WhatsApp or Discord in 30 seconds.
Civ guide
Jurchens
Perfil
Jugador #1369705